AoeStats
← fatcat15513

QS Arena

503438013Analyzed
3v3 RM · 1mo ago on Aug 31, 2026· 36m 42s· 6 players
Game mode
Random Map
Map size
Normal (6 player)
Population
200
Speed
Normal
Resources
Standard
Victory
Conquest
Starting age
Dark Age
Ending age
Imperial Age
RankedLock teamsTeams togetherTeam positionsShared explorationLock speedFull tech treeHidden civsTurbo modeCheats
Victory
Defeat
🇹🇼 Persians · Taiwan
1292
+10
🇨🇳 Mongols · China
1195
+14
🇹🇼 Britons · Taiwan
1131
+17
🇨🇴 Slavs · Colombia
1265
-19
🇪🇸 Lithuanians · Spain
1131
-13
🇬🇧 Mongols · United Kingdom
1068
-10
pickmyself or end
8:05 Feudal Age
9:30 Double-Bit Axe
12:26 Castle Age
11:05 Horse Collar
13:22 Bow Saw
13:23 Heavy Plow
14:43 Wheelbarrow
16:05 Fervor
18:30 Stone Mining
20:38 Gold Mining
22:04 Hand Cart
21:36 Loom
21:39 Town Watch
26:09 Imperial Age
24:26 Fletching
24:37 Padded Archer Armor
25:22 Gold Shaft Mining
25:24 Stone Shaft Mining
25:32 Bodkin Arrow
26:26 Ballistics
26:54 Bracer
27:09 Leather Archer Armor
27:16 Conscription
28:18 Chemistry
27:33 Elite Mangudai
28:28 Forging
27:47 Light Cavalry
29:04 Parthian Tactics
29:33 Thumb Ring
29:40 Bloodlines
29:30 Husbandry
30:08 Iron Casting
29:38 Scale Barding Armor
30:10 Iron Casting
28:58 Capped Ram
29:48 Hussar
30:53 Chain Barding Armor
32:00 Masonry
33:52 Drill
32:58 Siege Ram
34:47 Siege Engineers
34:54 Fortified Wall
34:39 Murder Holes
fatcat15513
8:37 Feudal Age
12:31 Castle Age
10:42 Horse Collar
11:53 Double-Bit Axe
14:39 Bow Saw
18:03 Loom
20:02 Town Watch
21:25 Wheelbarrow
21:31 Stone Mining
21:31 Gold Mining
22:38 Gold Mining
26:39 Imperial Age
24:04 Fletching
24:15 Padded Archer Armor
25:37 Ballistics
25:30 Bodkin Arrow
25:51 Leather Archer Armor
27:24 Bracer
27:55 Ring Archer Armor
28:48 Two-Man Saw
28:39 Squires
28:24 Arson
28:00 Pikeman
29:22 Conscription
29:20 Scale Mail Armor
30:13 Gold Shaft Mining
30:59 Chemistry
30:18 Halberdier
31:14 Chain Mail Armor
31:09 Forging
31:06 Murder Holes
32:17 Hand Cart
32:02 Town Patrol
32:19 Elite Longbowman
36:43 Yeomen
36:23 Warwolf
LocalMomsHelper
8:23 Feudal Age
9:54 Double-Bit Axe
12:19 Castle Age
10:40 Horse Collar
14:15 Wheelbarrow
14:10 Bow Saw
21:33 Heavy Plow
26:30 Imperial Age
24:19 Loom
24:49 Hand Cart
24:20 Town Watch
25:28 Scale Barding Armor
25:34 Forging
25:59 Husbandry
26:10 Bloodlines
26:51 Chain Barding Armor
26:07 Cavalier
29:12 Iron Casting
30:36 Plate Barding Armor
31:04 Blast Furnace
32:16 Savar
35:17 Plate Barding Armor
juan quevedo
8:35 Feudal Age
10:07 Double-Bit Axe
12:29 Castle Age
12:03 Horse Collar
15:14 Loom
18:47 Bow Saw
19:23 Wheelbarrow
19:21 Town Watch
19:39 Gold Mining
20:50 Hand Cart
21:01 Heavy Plow
22:02 Husbandry
22:12 Bloodlines
21:56 Stone Mining
22:37 Squires
22:39 Scale Mail Armor
22:33 Fletching
22:54 Forging
27:28 Imperial Age
25:09 Scale Barding Armor
24:38 Pikeman
26:03 Masonry
25:55 Padded Archer Armor
26:58 Gold Shaft Mining
27:17 Bodkin Arrow
27:43 Chain Barding Armor
28:41 Druzhina
28:13 Elite Skirmisher
29:46 Ballistics
29:49 Leather Archer Armor
29:38 Halberdier
29:58 Capped Ram
31:38 Chain Mail Armor
31:58 Iron Casting
33:03 Siege Engineers
35:00 Chemistry
34:43 Ring Archer Armor
34:44 Plate Mail Armor
35:15 Blast Furnace
33:38 Man-at-Arms
35:42 Conscription
35:30 Detinets
Louis Theroux
8:24 Feudal Age
12:49 Castle Age
11:18 Double-Bit Axe
11:16 Horse Collar
17:13 Fletching
24:04 Ballistics
24:01 Fortified Wall
27:26 Bodkin Arrow
27:33 Padded Archer Armor
28:28 Elite Skirmisher
29:30 Leather Archer Armor
34:57 Imperial Age
32:13 Loom
35:13 Heavy Plow
35:50 Wheelbarrow
35:00 Town Watch
Roke6
8:24 Feudal Age
10:24 Double-Bit Axe
10:42 Horse Collar
13:04 Castle Age
14:29 Bow Saw
15:52 Loom
16:25 Forging
19:43 Heavy Plow
20:27 Gold Mining
24:54 Imperial Age
23:30 Coinage
23:22 Scale Barding Armor
24:25 Iron Casting
24:10 Stone Mining
25:02 Wheelbarrow
24:12 Loom
24:56 Husbandry
25:49 Bloodlines
25:10 Cavalier
27:40 Chain Barding Armor
27:12 Fletching
35:09 Pikeman
35:50 Squires
Connection lost

Rejoining the realm…

Still unreachable

The connection could not be restored.

Session expired

The server has moved on; the page needs a fresh start.